 Dungeon Crawl Stone Soup version 0.28-a0-1638-g9123634e07 (webtiles) character file.

Game seed: 13085228109232182684

35268 bande the Cleaver (level 13, -10/82 HPs)
             Began as a Gargoyle Fighter on Jan 25, 2022.
             Was the Champion of Okawaru.
             Mangled by a komodo dragon (15 damage)
             ... on level 6 of the Lair of Beasts on Jan 26, 2022.
             The game lasted 00:53:59 (22992 turns).

bande the Cleaver (Gargoyle Fighter)               Turns: 22992, Time: 00:53:59

Health: -10/82     AC: 36    Str: 23    XL:     13   Next: 82%
Magic:  20/20      EV:  7    Int: 12    God:    Okawaru [******]
Gold:   865        SH:  6    Dex: 15    Spells: 12/12 levels left

rFire   . . .      SeeInvis .   h - +5 hand axe of Hoac {vamp, Dex+2}
rCold   . . .      Faith    +   c - +0 buckler
rNeg    + . .      Spirit   .   B - +0 plate armour
rPois   ∞          Reflect  .   y - +0 hat of Owka {+Inv Str+3}
rElec   +          Harm     .   (no cloak)
rCorr   .          Rampage  .   n - +1 pair of gloves
Will    .....                   C - +0 pair of boots
Stlth   ..........              f - amulet of faith
HPRegen 0.23/turn               k - +4 ring of protection
MPRegen 0.17/turn               F - +4 ring of protection

@: unable to read
A: sickness immunity, AC +9, negative energy resistance 1, electricity
resistance, torment resistance 1, petrification resistance, clever 1, inability
to read while threatened, noise suppression
a: Renounce Religion, Evoke Invisibility, Heroism, Finesse, Duel


You were on level 6 of the Lair of Beasts.
You worshipped Okawaru.
Okawaru was exalted by your worship.
You visited 3 branches of the dungeon, and saw 17 of its levels.

You collected 1072 gold pieces.
You spent 207 gold pieces at shops.

Inventory:

Hand Weapons
 a - a +1 vampiric war axe
 h - the +5 hand axe of Hoac (weapon) {vamp, Dex+2}
   (You found it on level 4 of the Dungeon)

   It occasionally heals its wielder for a portion of the damage dealt when it
   wounds a living foe.
   Dex:       It affects your dexterity (+2).
 x - a +2 falchion of flaming
 M - the +2 broad axe of Cacedaewno {venom, rPois Str+5}
   (Okawaru gifted it to you on level 5 of the Lair of Beasts)

   It poisons the flesh of those it strikes.
   Str:       It affects your strength (+5).
   rPois:     It protects you from poison.
Armour
 b - a +0 helmet
 c - a +0 buckler (worn)
 n - a +1 pair of gloves (worn)
 y - the +0 hat of Owka (worn) {+Inv Str+3}
   (You bought it in a shop on level 6 of the Dungeon)

   Str:       It affects your strength (+3).
   +Inv:      It lets you turn invisible.
 B - a +0 plate armour (worn)
 C - a +0 pair of boots (worn)
Jewellery
 f - an amulet of faith (around neck)
 k - a +4 ring of protection (left hand)
 l - a ring of fire
 z - a +6 ring of dexterity
 F - a +4 ring of protection (right hand)
 G - a ring of magical power
 I - a +6 ring of strength
 N - a ring of protection from cold
Wands
 j - a wand of flame (10)
 q - a wand of iceblast (18)
 s - a wand of mindburst (8)
 u - a wand of polymorph (9)
 D - a wand of paralysis (12)
 H - a wand of acid (12)
Scrolls
 i - 4 scrolls of identify
 m - 4 scrolls of fear
 o - 5 scrolls of teleportation
 p - 2 scrolls of magic mapping
 v - 2 scrolls of enchant armour
 A - 2 scrolls of fog
 E - 2 scrolls of amnesia
 J - a scroll of blinking
Potions
 d - a potion of might
 e - 3 potions of haste
 g - 3 potions of curing
 r - a potion of resistance
 t - 4 potions of flight
 w - 2 potions of magic
 K - a potion of cancellation
Miscellaneous
 L - a lightning rod (4/4)


   Skills:
 + Level 10.1 Fighting
 - Level 0.1 Long Blades
 + Level 12.3 Axes
 + Level 10.7 Armour
 + Level 8.8 Shields
 * Level 9.5 Invocations
 * Level 8.8 Evocations


You had 12 spell levels left.
You didn't know any spells.
Your spell library contained the following spells:

 Spells                   Type           Power      Damage    Failure   Level
 Foxfire                  Conj/Fire      0%         2x1d4     99%         1
 Pain                     Necr           0%         1d4       99%         1
 Sandblast                Erth           0%         2d4       99%         1
 Corpse Rot               Necr/Air       0%         N/A       100%        2
 Passwall                 Tmut/Erth      0%         N/A       100%        2
 Poisonous Vapours        Pois/Air       0%         N/A       100%        2
 Conjure Flame            Conj/Fire      0%         6-21      100%        3
 Inner Flame              Hex/Fire       0%         N/A       100%        3
 Stone Arrow              Conj/Erth      0%         3d7       100%        3
 Vampiric Draining        Necr           0%         2d6       100%        3
 Airstrike                Air            0%         N/A       100%        4
 Cause Fear               Hex            0%         N/A       100%        4
 Flame Wave               Conj/Fire      0%         2d4       100%        4
 Fulminant Prism          Conj/Hex       0%         3d6       100%        4
 Iskenderun's Mystic Bla  Conj/Tloc      0%         2d3       100%        4
 Lee's Rapid Deconstruct  Erth           0%         3d5*      100%        5
 Lightning Bolt           Conj/Air       0%         1d11      100%        5
 Discord                  Hex            0%         N/A       100%        8
 Animate Skeleton         Necr           Unusable   N/A       N/A         1
 Summon Lightning Spire   Summ/Air       Unusable   N/A       N/A         4

Dungeon Overview and Level Annotations

Branches:
Dungeon (10/15)            Temple (1/1) D:5            Lair (6/6) D:10
 Shoals (0/4) Lair:2       Spider (0/4) Lair:4          Orc (0/2) D:9
  Slime: Lair:5-6

Altars:
Cheibriados
Dithmenos
Elyvilon
Fedhas
Gozag
Hepliaklqana
Makhleb
Okawaru
Ru
Sif Muna
Uskayaw
Vehumet
Wu Jian
Xom
Yredelemnul
Lugonu

Shops:
D:5 (   D:6 **[[

Portals:
Abyss: Lair:1


Innate Abilities, Weirdness & Mutations

You are immune to sickness and miasma.
Your stone body is resilient. (AC +9)
You are immune to poison.
You resist negative energy. (rN+)
You are resistant to electric shocks. (rElec)
You are resistant to unholy torment.
You are immune to petrification.
Your mind is acute. (Int +2)
You sometimes lose the ability to read scrolls when taking damage.
You passively dampen the noise of your surroundings.


Message History

You are too injured to fight recklessly!
You are too injured to fight recklessly!
You are too injured to fight recklessly!
You are too injured to fight recklessly!
Unknown command.
You hit the komodo dragon.
You feel better.
The komodo dragon is moderately wounded.
You barely miss the blink frog.
The blink frog hits you but does no damage.
The komodo dragon bites you but does no damage.
Unknown command.
You hit the komodo dragon.
You feel better.
The komodo dragon is heavily wounded.
You hit the blink frog.
The blink frog hits you but does no damage.
Unknown command.
You barely miss the komodo dragon.
The komodo dragon is heavily wounded.
You miss the blink frog. The komodo dragon bites you. The blink frog hits you!
* * * LOW HITPOINT WARNING * * *
The blink frog blinks!
Unknown command.
Unknown command.
You slash the komodo dragon!
The komodo dragon is severely wounded.
You block the komodo dragon's attack.
You hit the komodo dragon but do no damage.
The komodo dragon is severely wounded.
The komodo dragon bites you!
* * * LOW HITPOINT WARNING * * *
You hit the komodo dragon.
You feel better.
The komodo dragon is almost dead.
You feel better. The blink frog hits you!
* * * LOW HITPOINT WARNING * * *
The komodo dragon bites you but does no damage.
The blink frog closely misses you.
You completely miss the komodo dragon.
The komodo dragon is almost dead.
You barely miss the blink frog. The komodo dragon bites you!
You die...

### . #####.# ######
.<##.P...###.P..## ###
....P............######..
....................##.PP
...P..P.@................
#.....#.lF..#P...P....#..
#.... #..........#...####
#... .......#.#.......##P
##. #..#.P.......#......P
# ...##.##P.............
##.. ###....P..........
..## #................
.....##.#..............


You could see a komodo dragon and a blink frog.

Vanquished Creatures
  4 hydras
  A boulder beetle (Lair:5)
  4 death yaks
  A centaur warrior (D:10)
  A two-headed ogre (D:10)
  A lindwurm (Lair:6)
  9 elephants
  A merfolk siren (Lair:2)
  4 torpor snails (Lair:5)
  4 black mambas
  Joseph (D:9)
  11 cane toads
  7 komodo dragons
  A kobold demonologist (D:10)
  2 polar bears (Lair:2)
  A troll (D:10)
  A tarantella (Lair:4)
  A dream sheep (Lair:6)
  7 blink frogs
  28 yaks
  Sigmund (D:4)
  2 basilisks
  A wraith (D:5)
  2 steam dragons
  A vampire mosquito (Lair:5)
  Menkaure (D:4)
  A warg (D:9)
  2 acid dragons
  14 water moccasins
  Duvessa (D:4)
  8 orc warriors
  2 ice beasts
  3 sky beasts
  4 black bears
  A centaur (D:10)
  3 necrophages (D:6)
  An ogre (D:4)
  36 wolves
  A phantom (D:5)
  16 bullfrogs
  A kobold brigand (D:5)
  A wyvern zombie (D:7)
  2 scorpions
  3 jellies
  Dowan (D:4)
  A water moccasin skeleton (D:5)
  6 killer bees
  An electric eel (Lair:5)
  2 howler monkeys
  2 centaur zombies
  2 bullfrog zombies
  2 hounds
  A centaur skeleton (D:6)
  5 orc priests
  2 bullfrog skeletons
  2 iguanas
  5 orc wizards
  3 killer bee zombies
  A hound zombie (D:5)
  Robin (D:4)
  7 adders
  2 shadow imps
  A white imp (D:7)
  2 worms
  3 dart slugs
  33 orcs
  4 ball pythons
  6 bats
  2 endoplasms
  3 giant cockroaches
  15 goblins
  8 hobgoblins
  3 jackals (D:4)
  2 quokkas
  2 frilled lizards (D:1)
  18 kobolds
  5 rats
351 creatures vanquished.

Vanquished Creatures (others)
  A kobold brigand (D:6)
  A hound (D:6)
  An iguana (D:6)
  An adder (D:6)
  An orc (D:6)
  4 kobolds (D:6)
  16 fungi
  A lurking horror (Lair:1)
  72 plants
98 creatures vanquished.

Grand Total: 449 creatures vanquished

Notes
Turn   | Place    | Note
-------+----------+-------------------------------------------
     0 | D:1      | bande the Gargoyle Fighter began the quest for the Orb.
     0 | D:1      | Reached XP level 1. HP: 14/14 MP: 1/1
    95 | D:1      | Reached XP level 2. HP: 19/19 MP: 2/2
   479 | D:1      | Reached skill level 2 in Axes
  1213 | D:1      | You fall into a shaft and drop 1 floor!
  1242 | D:2      | Reached XP level 3. HP: 23/23 MP: 3/3
  2418 | D:3      | Reached XP level 4. HP: 29/29 MP: 4/4
  2544 | D:3      | Noticed a scorpion
  2552 | D:3      | Killed a scorpion
  2553 | D:3      | Reached skill level 3 in Axes
  2553 | D:3      | Reached XP level 5. HP: 22/33 MP: 5/5
  3645 | D:4      | Gained mutation: You are clumsy. (Dex -2) [potion of
                  | mutation]
  3645 | D:4      | Gained mutation: Your spells are a little easier to cast,
                  | but a little less powerful. [potion of mutation]
  3655 | D:4      | Noticed Robin
  3669 | D:4      | Reached skill level 1 in Evocations
  3674 | D:4      | Killed Robin
  3867 | D:4      | Noticed an ice beast
  4192 | D:4      | Found a sacrificial altar of Ru.
  4229 | D:4      | Reached XP level 6. HP: 31/38 MP: 6/6
  4349 | D:4      | Identified the +5 hand axe of Hoac {vamp, Dex+2}
  4360 | D:4      | Found a hazy altar of Hepliaklqana.
  4465 | D:4      | Noticed Sigmund
  4473 | D:4      | Killed Sigmund
  4474 | D:4      | Reached skill level 4 in Axes
  4591 | D:4      | Reached XP level 7. HP: 14/44 MP: 7/7
  5022 | D:4      | Noticed Menkaure
  5031 | D:4      | Killed Menkaure
  5032 | D:4      | Reached skill level 5 in Axes
  5157 | D:4      | Noticed Duvessa
  5157 | D:4      | Noticed Dowan
  5170 | D:4      | Killed Dowan
  5171 | D:4      | Reached skill level 5 in Armour
  5182 | D:4      | Killed Duvessa
  5651 | D:4      | Reached XP level 8. HP: 46/48 MP: 8/8
  5788 | D:5      | Entered Level 5 of the Dungeon
  5893 | D:5      | Found a hide-covered altar of Uskayaw.
  5909 | D:5      | Reached skill level 5 in Fighting
  6020 | D:5      | Found Qeud's Weapon Emporium.
  6026 | D:5      | Noticed a wraith
  6047 | D:5      | Killed a wraith
  6048 | D:5      | Reached skill level 6 in Axes
  6180 | D:5      | Found a staircase to the Ecumenical Temple.
  6190 | Temple   | Entered the Ecumenical Temple
  6231 | Temple   | Became a worshipper of Warmaster Okawaru
  6470 | D:5      | Reached skill level 1 in Invocations
  6741 | D:6      | Found Kos Xeho's Antique Armour Shop.
  6750 | D:6      | Bought a masterwork hat for 207 gold pieces
  6750 | D:6      | Identified the +0 hat of Owka {+Inv Str+3} (You bought it
                  | in a shop on level 6 of the Dungeon)
  6883 | D:6      | Found Manol's General Store.
  6911 | D:6      | Found Leahigh's Assorted Antiques.
  7034 | D:6      | Reached XP level 9. HP: 51/54 MP: 10/10
  7142 | D:6      | Found Wieniagg's Antique Armour Shoppe.
  7184 | D:6      | Reached * piety under Okawaru
  7185 | D:6      | Reached skill level 5 in Shields
  7235 | D:6      | Reached skill level 7 in Axes
  7385 | D:6      | Reached ** piety under Okawaru
  7550 | D:6      | Found a shimmering altar of Xom.
  8890 | D:8      | Reached skill level 8 in Axes
  8971 | D:7      | Reached XP level 10. HP: 61/61 MP: 12/12
  9104 | D:8      | Reached *** piety under Okawaru
  9329 | D:8      | Reached skill level 5 in Evocations
  9848 | D:8      | HP: 1/61 [acid dragon/splash of acid (15)]
 10580 | D:9      | Noticed Joseph
 10600 | D:9      | Killed Joseph
 10600 | D:9      | Reached **** piety under Okawaru
 10600 | D:9      | Received a gift from Okawaru
 10704 | D:9      | Reached skill level 5 in Invocations
 10770 | D:9      | Reached skill level 9 in Axes
 10775 | D:9      | Found a staircase to the Orcish Mines.
 11010 | D:9      | Found a blossoming altar of Fedhas.
 11380 | D:10     | Entered Level 10 of the Dungeon
 11407 | D:10     | Noticed a kobold demonologist
 11416 | D:10     | Noticed a two-headed ogre
 11419 | D:10     | Noticed a rust devil
 11423 | D:10     | Killed a kobold demonologist
 11438 | D:10     | HP: 3/61 [two-headed ogre (12)]
 11757 | D:10     | Found a basalt altar of Yredelemnul.
 11899 | D:10     | Found a staircase to the Lair.
 12014 | D:10     | Reached ***** piety under Okawaru
 12030 | D:10     | Reached XP level 11. HP: 28/67 MP: 15/15
 12535 | D:10     | Noticed a centaur warrior
 12556 | D:10     | Killed a centaur warrior
 12565 | D:10     | Killed a two-headed ogre
 13318 | Lair:1   | Entered Level 1 of the Lair of Beasts
 13320 | Lair:1   | Found a one-way gate to the infinite horrors of the Abyss.
 13325 | Lair:1   | Found a corrupted altar of Lugonu.
 13403 | Lair:1   | You fall into a shaft and drop 1 floor!
 13507 | Lair:1   | Identified the +2 animal skin of the Game of Life {Int+2
                  | Slay+3} (Okawaru gifted it to you on level 1 of the Lair of
                  | Beasts)
 13507 | Lair:1   | Received a gift from Okawaru
 14520 | Lair:2   | Found a staircase to the Shoals.
 14529 | Lair:2   | Reached skill level 10 in Axes
 15010 | Lair:2   | Noticed a seven-headed hydra
 15678 | Lair:1   | Killed a seven-headed hydra
 16028 | Lair:2   | Noticed an eight-headed hydra
 16039 | Lair:2   | Killed an eight-headed hydra
 16039 | Lair:2   | Received a gift from Okawaru
 16039 | Lair:2   | Reached ****** piety under Okawaru
 16040 | Lair:2   | Reached XP level 12. HP: 20/74 MP: 15/17
 16334 | Lair:2   | Found a shimmering altar of Xom.
 16677 | Lair:3   | Identified the +6 fustibalus of Anxiety {freeze, SInv}
                  | (Okawaru gifted it to you on level 3 of the Lair of Beasts)
 16677 | Lair:3   | Received a gift from Okawaru
 17244 | Lair:3   | Noticed a death yak
 17244 | Lair:3   | Noticed a death yak
 17305 | Lair:2   | Killed a death yak
 17976 | Lair:2   | Identified the +7 quarterstaff of the Tired Seas {venom,
                  | rN+ Dex+4 SInv} (Okawaru gifted it to you on level 2 of the
                  | Lair of Beasts)
 17976 | Lair:2   | Received a gift from Okawaru
 18220 | Lair:3   | Reached skill level 11 in Axes
 18819 | Lair:4   | Identified the +2 helmet of Going Fast {Harm Regen+ Int-3}
                  | (Okawaru gifted it to you on level 4 of the Lair of Beasts)
 18819 | Lair:4   | Received a gift from Okawaru
 19086 | Lair:4   | Found a hole to the Spider Nest.
 19199 | Lair:4   | Reached skill level 10 in Armour
 19483 | Lair:4   | Reached XP level 13. HP: 80/80 MP: 19/19
 19906 | Lair:5   | Lost mutation: Your spells are a little easier to cast, but
                  | a little less powerful. [potion of mutation]
 19906 | Lair:5   | Lost mutation: You are clumsy. (Dex -2) [potion of
                  | mutation]
 19906 | Lair:5   | Gained mutation: You sometimes lose the ability to read
                  | scrolls when taking damage. [potion of mutation]
 19906 | Lair:5   | Gained mutation: Your mind is acute. (Int +2) [potion of
                  | mutation]
 19906 | Lair:5   | Gained mutation: You passively dampen the noise of your
                  | surroundings. [potion of mutation]
 20017 | Lair:5   | Identified the +5 trident of Doom {spect, rF- rC+ Will+
                  | MP+9}
 20861 | Lair:5   | Found a snail-covered altar of Cheibriados.
 21670 | Lair:5   | Identified the +6 hand axe of Fedhas's Respect {vorpal,
                  | rElec Stlth+}
 21789 | Lair:5   | Identified the +2 broad axe of Cacedaewno {venom, rPois
                  | Str+5} (Okawaru gifted it to you on level 5 of the Lair of
                  | Beasts)
 21789 | Lair:5   | Received a gift from Okawaru
 21790 | Lair:5   | Reached skill level 12 in Axes
 21938 | Lair:6   | Entered Level 6 of the Lair of Beasts
 22117 | Lair:5   | Identified the +1 ring mail of Okawaru's Regard {Str+6}
                  | (Okawaru gifted it to you on level 5 of the Lair of Beasts)
 22117 | Lair:5   | Received a gift from Okawaru
 22178 | Lair:6   | Reached skill level 10 in Fighting
 22989 | Lair:6   | HP: 4/82 [komodo dragon (17)]
 22992 | Lair:6   | Mangled by a komodo dragon

Illustrated notes

Levels and vault maps discovered:
D:1:      scummos_arrival_star, layout_loops_ring
D:2:      layout_loops_corners, mrwooster_statue_mirror,
          kennysheep_generic_room_14
D:3:      layout_loops_cross
D:4:      layout_cave_pods, lemuel_crystal_altar,
          nicolae_hepliaklqana_hippocampus, uniq_duvessa, uniq_sigmund,
          uniq_menkaure, uniq_robin
D:5:      layout_cave_pools, nicolae_uskayaw_murder_on_the_dancefloor,
          temple_fountains, serial_shops, shop
D:6:      layout_basic, xom_confusion_cloud, serial_shops, shop, shop,
          nicolae_shop_statue_plus, nicolae_shop_statue_plus
D:7:      nicolae_cairo_tiling_very_big, layout_cave_pools
D:8:      layout_basic, minmay_alternating_orb
D:9:      layout_basic, fedhas_altar_4, david_orc_3, minmay_hedge_maze,
          uniq_joseph
D:10:     layout_loops_ring, mainiacjoe_overflow_boulevard, lair_entry_dummy,
          serial_glass, glass_columns_a, glass_columns_a
Temple:   regret_index_temple_sphere_string
Lair:1:   layout_small_grid, amcnicky_altar_lugonu_corruption,
          grunt_megastairs_1, serial_bayou_shore_b
Lair:2:   layout_regular_city, elwin_shoals_entry_rooms, basic_altar,
          grunt_megastairs_2
Lair:3:   layout_roguey, patterned_corridor
Lair:4:   layout_concentric_octagons, spider_nest_entry_rubble
Lair:5:   nzn_winding_woodlands_small
          [nzn_winding_woodlands_5x15_pathside_ponds,
          nzn_winding_woodlands_center_triple_pond,
          nzn_winding_woodlands_5x15_split_checker], layout_hall_layers,
          kennysheep_snail_temple, serial_bayou_shore_b,
          infiniplex_staircase_pool
Lair:6:   minmay_lair_end_frog_pond, layout_misc_corridors, slime_altar_1,
          basic_altar, columned_hall_lemuel, grunt_forest_large_clearings

Skill      XL: |  1  2  3  4  5  6  7  8  9 10 11 12 13 |
---------------+----------------------------------------+-----
Axes           | 2 3 4 5 6 8 9 10 11 12 | 12.3
Fighting       | 4 5 6 7 8 9 10 | 10.1
Armour         | 4 5 6 7 8 10 | 10.7
Evocations     | 1 2 3 4 5 7 8 |  8.8
Shields        | 4 5 6 7 8 |  8.8
Invocations    | 1 3 5 7 8 9 |  9.5
Long Blades    | |  0.1

Action                   |  1- 3 |  4- 6 |  7- 9 | 10-12 | 13-15 || total
-------------------------+-------+-------+-------+-------+-------++-------
Melee: War axe           |   102 |    66 |       |       |       ||   168
       Hand axe          |       |    32 |   361 |  1000 |   511 ||  1904
       Flail             |       |       |       |    12 |       ||    12
       Falchion          |       |       |       |       |    18 ||    18
Invok: Heroism           |       |       |       |     3 |       ||     3
  Use: Scroll            |       |    12 |     5 |     9 |     1 ||    27
       Potion            |       |     2 |     1 |     8 |     2 ||    13
Armor: Scale mail        |    62 |    18 |       |       |       ||    80
       Chain mail        |       |    79 |   273 |     5 |       ||   357
       Plate armour      |       |       |       |   806 |   464 ||  1270
Dodge: Dodged            |    48 |    51 |   111 |   310 |   213 ||   733
Block: Buckler           |    27 |    36 |   106 |   292 |   211 ||   672

Table legend: (Time is in decaauts)
 A = Elapsed time spent in this place.
 B = Non-inter-level travel time spent in this place.
 C = Inter-level travel time spent in this place.
 D = Time resting spent in this place.
 E = Time spent auto-exploring this place.
 F = Levels seen in this place.
 G = Mean time per level.
                   A        B        C        D        E       F      G
               +--------+--------+--------+--------+--------+-----+--------+
         Total |  22868 |  22551 |    317 |   7550 |  10068 |  17 | 1345.2 |
       Dungeon |  13300 |  13085 |    215 |   4225 |   6207 |  10 | 1330.0 |
        Temple |     66 |     42 |     24 |      0 |     27 |   1 |   66.0 |
          Lair |   9501 |   9423 |     78 |   3325 |   3834 |   6 | 1583.5 |
               +--------+--------+--------+--------+--------+-----+--------+

Top non-repeatable levels by time:
  Lair:5: 2769 daAuts
  Lair:2: 2120 daAuts
     D:4: 1964 daAuts
  Lair:1: 1870 daAuts
    D:10: 1538 daAuts
     D:8: 1525 daAuts
     D:1: 1432 daAuts
     D:9: 1357 daAuts
     D:2: 1323 daAuts
  Lair:3: 1229 daAuts
     D:3: 1150 daAuts
  Lair:4: 1149 daAuts
     D:7: 1104 daAuts
     D:6: 1062 daAuts
     D:5: 842 daAuts
